 Dungeon Crawl Stone Soup version 0.23.2-1-ga50397a6bc (webtiles) character file.

Game seed: 14564819182637855664

126 Cartoonfrog the Caller (level 5, 0/37 HPs)
             Began as a Merfolk Summoner on May 27, 2019.
             Slain by Sigmund
             ... wielding a +1 scythe of protection
              (9 damage)
             ... on level 2 of the Dungeon.
             The game lasted 00:23:55 (3264 turns).

Cartoonfrog the Caller (Merfolk Summoner)           Turns: 3264, Time: 00:23:55

Health: 0/37       AC:  2    Str:  8    XL:     5   Next: 9%
Magic:  3/8        EV: 17    Int: 15    God:
Gold:   67         SH:  0    Dex: 15    Spells: 5/8 levels left

rFire    . . .     SeeInvis .   f - +9 club
rCold    . . .     Gourm    .   (no shield)
rNeg     . . .     Faith    .   a - +0 robe
rPois    .         Spirit   .   (no helmet)
rElec    .         Reflect  .   (no cloak)
rCorr    .         Harm     .   (no gloves)
MR       .....                  (boots currently unavailable)
Stlth    +++.......             (no amulet)
HPRegen  0.12/turn              (no ring)
MPRegen  0.11/turn              (no ring)

@: very quick
A: change form in water, swift swim, stealthy swim
a: no special abilities


You were on level 2 of the Dungeon.
You were not hungry.

You visited 1 branch of the dungeon, and saw 2 of its levels.

You collected 67 gold pieces.

Inventory:

Hand Weapons
 d - a +0 dagger
 e - a +4 dagger
 f - a +9 club (weapon)
Armour
 a - a +0 robe (worn)
 j - a +0 animal skin
 k - a +0 helmet
Scrolls
 b - 4 scrolls of fog {unknown}
 g - 3 scrolls of identify {unknown}
 h - a scroll of random uselessness {unknown}
 i - a scroll of immolation {unknown}


   Skills:
 + Level 1.4 Fighting
 - Level 1.9 Short Blades
 + Level 0.1 Maces & Flails
 + Level 3.6 Dodging
 + Level 3.1 Stealth
 - Level 2.3 Spellcasting
 + Level 4.7 Summonings


You had 5 spell levels left.
You knew the following spells:

 Your Spells              Type           Power        Failure   Level  Hunger
a - Summon Small Mammal   Summ           ###.         3%          1    #......
b - Call Imp              Summ           ###.....     4%          2    ###....

Your spell library contained the following spells:

 Spells                   Type           Power        Failure   Level  Hunger
 Call Canine Familiar     Summ           ###.....     10%         3    ###....
 Summon Guardian Golem    Hex/Summ       #.......     24%         3    ###....
 Summon Ice Beast         Ice/Summ       #.......     63%         4    #####..
 Summon Lightning Spire   Summ/Air       #.......     63%         4    #####..


Dungeon Overview and Level Annotations

Branches:
Dungeon (2/15)

Altars:

Annotations:
D:2 Sigmund


Message History

Confirm with . or Enter, or press ? or * to list all spells.
A beastly little devil appears in a puff of flame.
Sigmund casts a spell at you. The magic dart hits you.
Casting: Call Imp (safe; 4% risk of failure)
Confirm with . or Enter, or press ? or * to list all spells.
A beastly little devil appears in a puff of flame.
Sigmund barely misses you.
You swap places.
Sigmund mumbles some strange words.
Sigmund flickers and vanishes!
Deactivating autopickup; reactivate with Ctrl-A.
Something hits your white imp but does no damage.
A magic dart appears from out of thin air!
The magic dart hits your crimson imp. Something hits you!
* * * LOW HITPOINT WARNING * * *
You swap places.
Something hits you!
You die...

###.. #.#####.
#≈#.# #.# #.
#≈#.########.# #.
#≈≈..........#####.
##≈≈.#####.........
#≈................
#≈...@............
#≈{####...........
#@5## #...........
#55≈# #....[..###.
#.≈≈≈######.#.# #.
#.#≈## #[#.....
#.### #.###### #.#
.. #.# ## #.# #.


You could see 2 friendly crimson imps and a friendly white imp.

Vanquished Creatures
  Terence (D:2)
  A worm (D:2)
  5 bats
  3 giant cockroaches
  12 goblins
  6 hobgoblins
  5 jackals
  A ball python (D:2)
  6 frilled lizards
  6 kobolds
  5 rats
51 creatures vanquished.

Vanquished Creatures (collateral kills)
  A scorpion (D:2)
  Robin (D:2)
  An ooze (D:1)
  A dart slug (D:2)
  3 goblins (D:1)
  A hobgoblin (D:1)
  4 jackals (D:1)
  A bat (D:2)
  A frilled lizard (D:1)
14 creatures vanquished.

Grand Total: 65 creatures vanquished

Notes
Turn   | Place    | Note
-------+----------+-------------------------------------------
     0 | D:1      | Cartoonfrog the Merfolk Summoner began the quest for the
                  | Orb.
     0 | D:1      | Reached XP level 1. HP: 13/13 MP: 3/3
   459 | D:1      | Reached XP level 2. HP: 19/19 MP: 5/5
  1559 | D:1      | Learned a level 2 spell: Call Imp
  1566 | D:1      | Reached XP level 3. HP: 24/24 MP: 1/6
  1617 | D:1      | Reached skill level 1 in Short Blades
  1932 | D:2      | Noticed Terence
  1952 | D:2      | Killed Terence
  2301 | D:2      | Noticed a scorpion
  2301 | D:2      | Noticed Robin
  2332 | D:2      | Reached XP level 4. HP: 31/31 MP: 7/7
  2375 | D:2      | Reached skill level 1 in Fighting
  2405 | D:2      | Killed Robin
  2724 | D:2      | Noticed Sigmund
  2726 | D:2      | Reached XP level 5. HP: 36/37 MP: 8/8
  3264 | D:2      | Slain by Sigmund

Skill      XL: |  1  2  3  4 |
---------------+-------------+-----
Short Blades   | 1 |  1.9
Dodging        | 3 |  3.6
Fighting       | 1 |  1.4
Stealth        | 3 |  3.1
Maces & Flails | |  0.1
Spellcasting   | |  2.3
Summonings     | |  4.7

Action                   |  1- 3 |  4- 6 || total
-------------------------+-------+-------++-------
Melee: Dagger            |    76 |    31 ||   107
       Unarmed           |     2 |       ||     2
       Tailslap          |     1 |     3 ||     4
       Club              |       |    22 ||    22
 Cast: Summon Small Mamm |    16 |       ||    16
       Call Imp          |     6 |     9 ||    15
 Stab: Sleeping          |     4 |       ||     4
  Eat: Chunk             |     5 |     1 ||     6
       Ration            |       |     1 ||     1
Armor: Robe              |    19 |     7 ||    26
Dodge: Dodged            |    79 |    54 ||   133
